[Event "Late-Titled-Tuesday-Blitz-March-19-2024"]
[Site "Chess.com"]
[Date "2024.03.19"]
[Round "11"]
[White "DavidGavrilescu18"]
[Black "Zq1"]
[Result "1-0"]
[WhiteElo "2764"]
[BlackElo "2632"]
[TimeControl "180+1"]
[EndTime "16:05:50 PDT"]
[Termination "DavidGavrilescu18 won on time"]

1. e4 c5 2. Nf3 d6 3. d4 cxd4 4. Qxd4 a6 5. Be2 e6 6. O-O Nf6 7. c4 Nbd7 8. Nc3 Qc7 9. b3 b6 10. Ba3 Bb7 11. Rfd1 Nc5 12. e5 dxe5 13. Qxe5 Rc8 14.
Qxc7 Rxc7 15. Ne5 Nce4 16. Nxe4 Nxe4 17. Bxf8 Rxf8 18. Bf3 f6 19. Re1 Nc5 20. Bxb7 Nxb7 21. Nd3 Kf7 22. Nf4 Re8 23. h4 g6 24. Re2 h6 25. Rae1 Rce7 26. g3 g5 27. hxg5 hxg5 28. Nd3 Rd7 29. Nb4 Nc5 30. Kg2 Nd3 31. Nxd3 Rxd3 32. Rh1 Kg6 33. Rc1 e5 34. b4 Rc8 35. c5 bxc5 36. bxc5 Rc6 37. Rb2 Rd5 38. Rbc2 a5 39. Kf3 Rd4 40. Rb2 g4+ 41. Ke3 Rd5 42. Rb5 a4 43. Ra5 Kf5 44. Rc4 Rc7 45. Ke2 Rc6 46. Kf1 Kg5 47. Raxa4 Rdxc5 48. Rxg4+ Kf5 49. Rh4 Rc3 50. Rhb4 Rd6 51. Rb2 Rd1+ 52. Kg2 Rcc1 53. g4+ Kg5 54. Rab4 Rg1+ 55. Kf3 Rc3+ 56. Ke2 Rxg4 57.
Rxg4+ Kxg4 58. a4 Ra3 59. Rb4+ Kf5 60. Kf1 e4 61. Kg2 Kf4 62. Rc4 f5 63. Rb4 Kg4 64. Rc4 Kf4 65. Rd4 Ke5 66. Rb4 f4 67. Rb5+ Kd4 68.
a5 f3+ 69. Kg3 Ra1 70. Kf4 Ra2 71. Rb4+ Kd5 72. Rxe4 Rxf2 73. Ra4 Kc6 74. a6 Re2 75. a7 1-0

[Event "Late-Titled-Tuesday-Blitz-March-19-2024"]
[Site "Chess.com"]
[Date "2024.03.19"]
[Round "11"]
[White "bescmelasti"]
[Black "MalyDominator"]
[Result "0-1"]
[WhiteElo "2686"]
[BlackElo "2556"]
[TimeControl "180+1"]
[EndTime "16:05:50 PDT"]
[Termination "MalyDominator won by resignation"]

1. e4 c5 2. Nf3 d6 3. d4 cxd4 4. Nxd4 Nf6 5. Nc3 Nc6 6. f3 e5 7. Nb3 Be7 8. Be3 O-O 9. Qd2 a5 10. Bb5 Be6 11. O-O-O Qb8 12. Kb1 Rc8 13. g4 a4 14.
Bxa4 Nb4 15. a3 Nxc2 16. Qxc2 Rxa4 17. Nxa4 Rxc2 18. Kxc2 Qc7+ 19. Nc3 d5 20. g5 Nd7 21. exd5 Bf5+ 22. Kd2 Qc4 23. Nc1 Nc5 24. Ke1 Qh4+ 25. Bf2 Qxg5 26. d6 Bxd6 27. Rxd6 Qxc1+ 28. Ke2 Qxb2+ 29. Kf1 Ne6 30. Ne4 Bh3+ 31. Ke1 Qxa3 32. Rg1 Qxf3 33. Nd2 Qa3 34. Rg3 Qc1+ 35. Ke2 Nf4+ 36. Kf3 Qc3+ 37. Be3 h5 38. Ne4 Bg4+ 39. Kf2 Qc2+ 40. Nd2 Nd3+ 41.
Kg2 Ne1+ 42. Kf2 Nf3 43. Rxf3 Bxf3 44. Kxf3 Qf5+ 45. Ke2 Qg4+ 46. Kd3 Qb4 47. Ne4 f5 48. Rd8+ Kf7 49. Ng5+ Ke7 50. Rc8 Qb5+ 51. Kd2 Qd7+ 52. Ke2 Qxc8 53. Kf2 Qc2+ 54. Kg3 f4+ 55. Kf3 fxe3 56.
Kxe3 Qc3+ 57. Ke4 Qd4+ 58. Kf5 Qf4+ 59. Kg6 Qf6+ 60. Kxh5 g6+ 61. Kg4 e4 62. Nxe4 Qe6+ 63. Kf4 Qf5+ 64. Ke3 b5 65. Kd4 b4 0-1

[Event "Late-Titled-Tuesday-Blitz-March-19-2024"]
[Site "Chess.com"]
[Date "2024.03.19"]
[Round "11"]
[White "Lion-Al-Messi"]
[Black "tolimachess"]
[Result "1/2-1/2"]
[WhiteElo "2573"]
[BlackElo "2472"]
[TimeControl "180+1"]
[EndTime "16:05:50 PDT"]
[Termination "Game drawn by repetition"]

1. e4 c5 2. Nf3 Nc6 3. d4 cxd4 4. Nxd4 e5 5. Nb5 a6 6. Nd6+ Bxd6 7. Qxd6 Qe7 8.
Qxe7+ Ngxe7 9. Nc3 Nb4 10. Bd3 d5 11. exd5 Nexd5 12. Nxd5 Nxd5 13. O-O O-O 14. Re1 f6 15.
Bd2 Kh8 16. Rad1 Bd7 17. c4 Nc7 18. Ba5 Rac8 19. Bxh7 Ba4 20. b3 Kxh7 21. bxa4 Ne6 22. Rd7 Rxc4 23. Rxb7 Rxa4 24. Bb4 Rc8 25. a3 Nd4 26. h3 a5 27. Ra7 Nc6 28. Ra6 Nxb4 29. axb4 Rxb4 30. Rxa5 Rb2 31. Ra7 Rcc2 32. Rf1 Kg6 33.
Ra3 Kf7 34. Rf3 g5 35. Re1 Kg6 36. g4 Rb6 37. Kg2 Rbc6 38. Rd1 R6c3 39. Rf5 Rc6 40.
Rd8 Kg7 41. Rd7+ Kg6 42. Rd8 Kg7 43. Kg3 R2c3+ 44. f3 Rc1 45. Rd7+ Kg6 46. Rd2 R6c2 47. Rxc2 Rxc2 48. h4 gxh4+ 49. Kxh4 Rh2+ 50. Kg3 Rc2 51.
Rh5 Rc8 52. Rh1 Rc3 53. Re1 Kg5 54. Re2 Ra3 55. Kg2 Rd3 56. Ra2 e4 57. Ra5+ Kf4 58.
Rf5+ Ke3 59. Rxf6 Rd2+ 60. Kg3 Rf2 61. g5 Rxf3+ 62. Kg4 Ke2 63. Ra6 Rf1 64. g6 e3 65.
Ra2+ Kd3 66. Ra3+ Ke4 67. Ra4+ Kd3 68. Ra3+ Kd4 69. Ra4+ Kc3 70. Ra3+ Kd2 71. Ra2+ Kd3 72. Ra3+ 1/2-1/2

[Event "Late-Titled-Tuesday-Blitz-March-19-2024"]
[Site "Chess.com"]
[Date "2024.03.19"]
[Round "11"]
[White "cthulhuuu"]
[Black "IMRosen"]
[Result "1-0"]
[WhiteElo "2417"]
[BlackElo "2595"]
[TimeControl "180+1"]
[EndTime "16:05:51 PDT"]
[Termination "cthulhuuu won by checkmate"]

1. e4 c5 2. Nf3 Nc6 3. g3 e5 4.
Bg2 d6 5. O-O g6 6. d3 Bg7 7. Nc3 Nge7 8. Nd2 O-O 9. Nc4 a6 10. a4 Be6 11. Nd5 Bxd5 12. exd5 Nb8 13. a5 Qc7 14. Nb6 Ra7 15. c3 Nd7 16. Nc4 Raa8 17.
f4 f5 18. Re1 b5 19. axb6 Nxb6 20. fxe5 Nxc4 21. dxc4 Bxe5 22. Rxe5 dxe5 23. d6 Qd7 24. Bh6 e4 25. Bxf8 Rxf8 26. dxe7 Qxe7 27. Qd5+ Kg7 28.
Rxa6 Rd8 29. Qe6 Rd1+ 30. Bf1 Qg5 31. Qe5+ Kh6 32. Qf4 e3 33. Re6 Re1 34. Kg2 Qxf4 35. gxf4 Kh5 36. h3 g5 37. fxg5 Kxg5 38. b4 cxb4 39.
cxb4 Kf4 40. b5 Rb1 41. b6 Rb2+ 42. Kg1 Kg3 43. Rxe3+ Kf4 44. Re6 h5 45. c5 Kg3 46.
Re3+ Kh4 47. Re2 Rb4 48. Rc2 f4 49. c6 f3 50. c7 f2+ 51. Kxf2 Rf4+ 52. Ke1 Kg3 53.
Rc3+ Kh2 54. c8=Q h4 55. Qc7 Kh1 56. Qxf4 Kg1 57. Qg4+ Kh1 58. Qxh4 Kh2 59. Qg3+ Kh1 60. Qg2# 1-0

[Event "Late-Titled-Tuesday-Blitz-March-19-2024"]
[Site "Chess.com"]
[Date "2024.03.19"]
[Round "11"]
[White "Byniolus"]
[Black "djano"]
[Result "1-0"]
[WhiteElo "2793"]
[BlackElo "2646"]
[TimeControl "180+1"]
[EndTime "16:05:52 PDT"]
[Termination "Byniolus won by checkmate"]

1. d4 d6 2. Nf3 g6 3. Bf4 Bg7 4. e3 Nf6 5. h3 O-O 6. Be2 Nc6 7. O-O e5 8. Bh2 Qe7 9. c4 Bf5 10. Nc3 exd4 11. exd4 Ne4 12. Nd5 Qd8 13. Re1 Re8 14. Bf1 Nf6 15. Ne3 Bd7 16. c5 Ne4 17. cxd6 Nxd6 18.
Qb3 Nxd4 19. Nxd4 Bxd4 20. Rad1 Bxe3 21. Rxe3 Rxe3 22. Qxe3 Qf6 23. Be5 Qe6 24. Qf4 Bc6 25.
b3 Re8 26. Bb2 f6 27. Qxf6 Qxf6 28. Bxf6 Kf7 29. Bb2 a6 30. f3 Bb5 31. Rc1 c6 32. Ba3 Bxf1 33. Kxf1 Nb5 34. Bb2 Rd8 35. Ke2 Re8+ 36.
Kf2 Rd8 37. Rc2 Rd7 38. g4 Ke6 39. h4 Kf7 40. a4 Nc7 41. Kg3 Nd5 42. Re2 Nb4 43. Re3 Nc2 44. Rc3 Nb4 45. Ba3 Nd5 46.
Rd3 Ke6 47. f4 Rf7 48. Rf3 h5 49. Bb2 hxg4 50. Kxg4 Kd7 51. Kg5 Ne7 52. Bf6 Nd5 53.
Be5 Ne7 54. Rd3+ Ke8 55. Bf6 Nd5 56. Be5 Rf5+ 57. Kxg6 Ne7+ 58. Kh6 Ng8+ 59. Kg7 Ne7 60. Bf6 Nd5 61. Bg5 Nxf4 62. Rd8# 1-0

[Event "Late-Titled-Tuesday-Blitz-March-19-2024"]
[Site "Chess.com"]
[Date "2024.03.19"]
[Round "11"]
[White "Dr_Pepper18"]
[Black "joksijoksi"]
[Result "1-0"]
[WhiteElo "2472"]
[BlackElo "2564"]
[TimeControl "180+1"]
[EndTime "16:05:55 PDT"]
[Termination "Dr_Pepper18 won by checkmate"]

1. d4 d5 2. c4 dxc4 3. e3 Nf6 4. Bxc4 e6 5. Nf3 c5 6. O-O cxd4 7. exd4 Nc6 8. Nc3 Bb4 9. Qe2 O-O 10. Rd1 Re8 11.
Bg5 h6 12. Bh4 Be7 13. Rac1 Nb4 14. Ne5 Nfd5 15. Bg3 Bf6 16. a3 Nxc3 17. bxc3 Nd5 18. Bd3 Bxe5 19. Bxe5 Bd7 20. Qe4 f5 21. Qe2 Qg5 22. Qd2 Qg6 23. c4 Nb6 24. Re1 Bc6 25. Bf1 Nd7 26. Bg3 Nf6 27. Be5 Ne4 28. Qf4 Ng5 29.
Qg3 Qf7 30. f3 Rad8 31. Rcd1 a5 32. Bc7 Rc8 33. Bxa5 f4 34. Qg4 Qf6 35. h4 Nf7 36.
Bc3 Ba4 37. Rc1 Bb3 38. Ba1 g6 39. d5 e5 40. h5 g5 41. Bd3 Nd6 42. c5 Bxd5 43.
cxd6 Be6 44. Rxc8 Rxc8 45. Bxe5 Qf7 46. Bg6 Qd7 47. Bxf4 Bxg4 48. fxg4 gxf4 49. Bf5 Qd8 50. d7 Qb6+ 51. Kh2 Rd8 52. Re6 Qxe6 53. Bxe6+ Kg7 54. Kg1 Kf6 55. Bf5 Ke7 56. Kf2 Ra8 57. Kf3 Rxa3+ 58.
Kxf4 Ra4+ 59. Ke5 Ra5+ 60. Kf4 Rd5 61. g5 hxg5+ 62. Kxg5 Kf7 63. h6 Kg8 64. Kf6 b5 65.
Be6+ Kh7 66. Bxd5 Kxh6 67. d8=Q Kh5 68. Qh8+ Kg4 69. Qg7+ Kf4 70. Qg5# 1-0

[Event "Late-Titled-Tuesday-Blitz-March-19-2024"]
[Site "Chess.com"]
[Date "2024.03.19"]
[Round "11"]
[White "David_ATM"]
[Black "ExchangeAB"]
[Result "0-1"]
[WhiteElo "2334"]
[BlackElo "2507"]
[TimeControl "180+1"]
[EndTime "16:05:55 PDT"]
[Termination "ExchangeAB won on time"]

1. e4 c5 2. c3 d5 3. exd5 Qxd5 4. d4 Nc6 5. Nf3 cxd4 6. cxd4 e5 7. Be3 Bg4 8. Nc3 Bb4 9. dxe5 Bxf3 10. Qxf3 Qxf3 11. gxf3 Nxe5 12. Bb5+ Kf8 13. f4 a6 14. Be2 Nc6 15.
O-O-O Nge7 16. Rd7 Rb8 17. Rhd1 Ke8 18. Bb6 Bxc3 19.
bxc3 h5 20. a4 Rh6 21. a5 Re6 22. Bxh5 Rh6 23. Bf3 Rxh2 24. R1d2 Rh3 25. R2d3 Rxf3 26. Rxe7+ Kxe7 27. Rxf3 Kf6 28. Re3 Rc8 29. Kb2 Kf5 30.
Rd3 Re8 31. Bc5 Rd8 32. Bd6 Ke4 33. Rd2 Kf3 34. Kc2 Nxa5 35. Rd3+ Kg2 36. Rg3+ Kf1 37. Bc7 Rd5 38. Bxa5 Rxa5 39. Rxg7 Rf5 40. Kd3 Rxf4 41.
Ke3 Rf6 42. f4 a5 43. Rg5 b6 44. Rb5 Kg2 45. Ke4 Kg3 46. f5 Kg4 47. c4 a4 48.
Rb4 Rxf5 49. Rxa4 Rf4+ 50. Kd3 b5 51. Ra1 bxc4+ 52. Kc3 f6 53. Rg1+ Kf5 54. Rg8 Re4 55. Rf8 Ke5 56. Re8+ Kf4 57. Rf8 f5 58. Rf7 Kg4 59.
Rg7+ Kf3 60. Rf7 f4 61. Rf8 Ke3 62. Kc2 f3 63. Kd1 f2 64. Rf7 Rf4 65. Re7+ Kf3 0-1

[Event "Late-Titled-Tuesday-Blitz-March-19-2024"]
[Site "Chess.com"]
[Date "2024.03.19"]
[Round "11"]
[White "mind1mover"]
[Black "M1711"]
[Result "0-1"]
[WhiteElo "2791"]
[BlackElo "2684"]
[TimeControl "180+1"]
[EndTime "16:05:58 PDT"]
[Termination "M1711 won on time"]

1. e4 c5 2. Nf3 Nc6 3. d4 cxd4 4. Nxd4 e6 5. Nc3 Qc7 6. Be3 a6 7. Bd3 b5 8. Qe2 Bb7 9. O-O-O Bb4 10. Nxc6 Bxc3 11.
bxc3 Qxc6 12. Bd4 Nf6 13. Rhe1 d6 14. e5 dxe5 15. Qxe5 Rd8 16. Qg5 Qxg2 17. Qxg2 Bxg2 18. Rg1 Bf3 19. Rxg7 Rxd4 20. cxd4 Bxd1 21. Kxd1 Ke7 22. c3 b4 23. cxb4 Rd8 24. Kc2 Rxd4 25. a3 a5 26.
bxa5 Ra4 27. a6 Rxa3 28. Bc4 Ne4 29. Rxh7 Rc3+ 30. Kb2 Rxc4 31. Rh4 f5 32. f3 Nd6 33. Rh7+ Kf6 34. Kb3 Rc6 35. a7 Ra6 36. Kb4 Nc8 37. Rc7 Nxa7 38. h4 Ra1 39. f4 Rb1+ 40. Ka5 Nb5 41. Rb7 Nc3 42. Rc7 Nd5 43. Rc4 Rh1 44.
h5 Rxh5 45. Kb5 Rh4 46. Kc5 Rxf4 47. Rc1 Rf2 48. Re1 Rc2+ 49. Kd6 f4 50. Rxe6+ Kf5 51. Re5+ Kg4 52. Kxd5 Rd2+ 53. Kc4 f3 54. Kc3 Rd7 55.
Re8 Kg3 56. Rg8+ Kf2 57. Kc2 Kf1 58. Rf8 f2 59. Rf6 Rd5 60. Kc1 Rg5 61. Kd2 Kg2 62.
Ke2 Re5+ 63. Kd3 f1=Q+ 0-1

[Event "Late-Titled-Tuesday-Blitz-March-19-2024"]
[Site "Chess.com"]
[Date "2024.03.19"]
[Round "11"]
[White "dropstoneDP"]
[Black "Igrok3069"]
[Result "1-0"]
[WhiteElo "2985"]
[BlackElo "2872"]
[TimeControl "180+1"]
[EndTime "16:06:00 PDT"]
[Termination "dropstoneDP won on time"]

1. e4 c6 2. d4 d5 3. Nd2 dxe4 4.
Nxe4 Nf6 5. Nxf6+ exf6 6. c3 Bd6 7. Bd3 O-O 8. Ne2 Re8 9. Qc2 h5 10. O-O h4 11. Bf4 Na6 12. Qd2 Nc7 13. Rfe1 Be6 14.
Bxd6 Qxd6 15. Qf4 Qxf4 16. Nxf4 Rad8 17. g3 Nd5 18. Nxe6 fxe6 19. Kg2 Kf8 20. Re2 Kf7 21. Rae1 b5 22. a3 g5 23. Be4 g4 24. f4 gxf3+ 25.
Bxf3 Rg8 26. Kf2 Rd6 27. Re4 hxg3+ 28. hxg3 Rh8 29. Rh4 Rxh4 30. gxh4 f5 31. Rg1 Nf6 32.
Ke3 Nd5+ 33. Bxd5 Rxd5 34. h5 Rd8 35. Kf4 Rh8 36. Rh1 Kf6 37. b3 Rg8 38. h6 Rh8 39. c4 bxc4 40. bxc4 Kg6 41. Ke5 Rxh6 42. Rxh6+ Kxh6 43.
Kxe6 f4 44. d5 f3 45. d6 f2 46. d7 f1=Q 47. d8=Q Qxc4+ 48. Ke5 Qc3+ 49. Kf4 c5 50. Qd6+ Kh7 51. Qc7+ Kg6 52. Qxa7 Qd4+ 53. Kf3 Qd3+ 54.
Kf2 c4 55. Qb6+ Kf5 56. Qe3 Qc2+ 57. Kf3 1-0

[Event "Late-Titled-Tuesday-Blitz-March-19-2024"]
[Site "Chess.com"]
[Date "2024.03.19"]
[Round "11"]
[White "manitodeplomo"]
[Black "Adar_07"]
[Result "1-0"]
[WhiteElo "2673"]
[BlackElo "2811"]
[TimeControl "180+1"]
[EndTime "16:06:00 PDT"]
[Termination "manitodeplomo won by resignation"]

1. d4 Nf6 2. c4 e6 3. Nf3 b6 4. g3 Bb7 5. Bg2 Bb4+ 6. Bd2 Bxd2+ 7. Qxd2 Ne4 8. Qc2 f5 9. O-O O-O 10. Rd1 d6 11. d5 e5 12. Nh4 Bc8 13. Bxe4 fxe4 14. Qxe4 Nd7 15. Nc3 Nc5 16. Qc2 Bh3 17. b4 Nd7 18. Ne4 Nf6 19. Ng5 Qd7 20. f3 h6 21.
Nxh3 Qxh3 22. Qf5 Qxf5 23. Nxf5 Rab8 24. e4 Kh7 25. Kg2 g6 26. Ne3 Rbc8 27. Rac1 a5 28. a3 axb4 29. axb4 Ra8 30. Ra1 Nd7 31. Kf2 Kg7 32. Ke2 Rfb8 33. Kd3 Kf7 34. f4 Ke7 35.
f5 g5 36. h4 gxh4 37. gxh4 Rg8 38. Rg1 Rxa1 39. Rxg8 Ra3+ 40. Ke2 Nf6 41. Rg7+ Kd8 42. Rg6 Nxe4 43. Rxh6 Ng3+ 44. Kf2 Ne4+ 45. Kf3 Nd2+ 46. Ke2 Ne4 47. f6 Ke8 48. Ng4 Rg3 49. Rh8+ Kf7 50. Rh7+ Kf8 51. Nh6 Nc3+ 52. Kf2 Ne4+ 53. Ke2 Nc3+ 54. Kd2 Ne4+ 55. Kc2 Rg2+ 56. Kb3 Rg3+ 57.
Kb2 Rg2+ 58. Kc1 Rg1+ 59. Kc2 Rg2+ 60. Kd3 Nf2+ 61. Ke3 Ng4+ 62. Nxg4 Rxg4 63. Rxc7 Rxh4 64. c5 bxc5 65. bxc5 dxc5 66. d6 Rd4 67. d7 Kf7 68. d8=Q+ 1-0

[Event "Late-Titled-Tuesday-Blitz-March-19-2024"]
[Site "Chess.com"]
[Date "2024.03.19"]
[Round "11"]
[White "simaopdias"]
[Black "DrCeltic"]
[Result "1-0"]
[WhiteElo "2301"]
[BlackElo "2536"]
[TimeControl "180+1"]
[EndTime "16:06:07 PDT"]
[Termination "simaopdias won on time"]

1. e4 c5 2. Nf3 e6 3. d4 cxd4 4. Nxd4 Nf6 5. Bd3 Nc6 6. Be3 d5 7. Nxc6 bxc6 8. exd5 cxd5 9. O-O Bd6 10. c4 O-O 11.
cxd5 Nxd5 12. Bd2 Bb7 13. Nc3 Nf4 14. Be4 Rb8 15. Qf3 Bxe4 16. Nxe4 Nd5 17. b3 Be7 18. Rfd1 Rc8 19. h3 Qb6 20. Rac1 Qa6 21. a4 Rb8 22. Nc5 Bxc5 23. Rxc5 Qb6 24. Rb5 Qd4 25. Bb4 Qb2 26.
Bxf8 Rxf8 27. Rb7 a6 28. g3 Qc2 29. Qd3 Qc6 30. Ra7 Nb4 31. Qc4 Qb6 32. Rdd7 Nd5 33. Rab7 Qa5 34. Qe2 h6 35. Kg2 Nf6 36. Rdc7 Qd5+ 37.
Qf3 Qa5 38. Qc3 Qd5+ 39. Kh2 Ne4 40. Qf3 Qd4 41. Rxf7 Rxf7 42. Qxf7+ Kh7 43. Rd7 Qe5 44. Qf3 Ng5 45. Qd3+ Kg8 46. f4 Qe1 47. fxg5 Qf2+ 48.
Kh1 hxg5 49. Rd8+ Kf7 50. Qd7+ Kg6 51. Qxe6+ Kh7 52. Qe4+ g6 53. Rd7+ Kh6 54. Qg2 Qe1+ 55. Kh2 Qe6 56. Rd3 a5 57. Qd2 Qf5 58. h4 1-0

[Event "Late-Titled-Tuesday-Blitz-March-19-2024"]
[Site "Chess.com"]
[Date "2024.03.19"]
[Round "11"]
[White "mightysmasher"]
[Black "Mikhail_Bryakin"]
[Result "0-1"]
[WhiteElo "2606"]
[BlackElo "2732"]
[TimeControl "180+1"]
[EndTime "16:06:09 PDT"]
[Termination "Mikhail_Bryakin won by checkmate"]

1. e4 d5 2. exd5 Nf6 3. Bb5+ Nbd7 4. c4 a6 5. Ba4 b5 6. cxb5 Nb6 7. Bb3 Nbxd5 8. Nf3 axb5 9. O-O c5 10. Nc3 c4 11.
Bc2 Nxc3 12. dxc3 e6 13. Qxd8+ Kxd8 14. Rd1+ Ke8 15. Bg5 Be7 16. Nd4 Bd7 17. Nf3 h6 18. Bh4 Nd5 19. Bxe7 Kxe7 20. Ne5 Rhd8 21. a3 Be8 22.
Be4 f6 23. Nf3 Ra6 24. Nd4 Rad6 25. Re1 Kf7 26. Rad1 e5 27. Nf5 R6d7 28. Bf3 Kf8 29. g3 Nb6 30. Rxd7 Bxd7 31. Rd1 Rb8 32. Ne3 Ke7 33. Rd2 Be6 34. Kf1 Na4 35. Ke1 Nc5 36. Be2 e4 37. Rd4 f5 38. Nd5+ Kf7 39. Nb4 Na4 40.
Rd2 Rc8 41. Bd1 Nc5 42. Rd4 Ke7 43. Be2 g5 44. h3 f4 45. h4 f3 46. Bf1 gxh4 47.
gxh4 Rg8 48. Nc6+ Kf6 49. Rd1 Rg1 50. Kd2 Na4 51. Kc1 Rh1 52. Nd4 Rh2 53. Rd2 Bd7 54.
Nxf3 exf3 55. Rxd7 Rxf2 56. Rd1 Nxb2 57. Re1 Nd3+ 58.
Bxd3 cxd3 59. Re3 d2+ 60. Kd1 Kf5 61. Re8 Kg4 62. Re4+ Kg3 63. h5 Rh2 64. Re6 Rh1+ 65. Kxd2 f2 66. Rg6+ Kh4 67. Rf6 f1=Q 68. Rxf1 Rxf1 69.
c4 bxc4 70. Kc3 Kxh5 71. Kxc4 Ra1 72. a4 Rxa4+ 73. Kd5 Rg4 74. Ke5 Kg5 75. Ke6 h5 76. Ke5 h4 77. Kd5 h3 78. Kd6 h2 79. Ke5 h1=Q 80. Ke6 Qe1+ 81. Kd5 Rg2 82. Kd4 Rd2+ 83. Kc3 Qc1+ 84. Kb3 Qc7 85. Ka4 Rd8 86. Kb4 Rb8+ 87. Ka3 Qa7# 0-1

[Event "Late-Titled-Tuesday-Blitz-March-19-2024"]
[Site "Chess.com"]
[Date "2024.03.19"]
[Round "11"]
[White "Meri-Arabidze"]
[Black "Irishchessman16"]
[Result "1-0"]
[WhiteElo "2680"]
[BlackElo "2532"]
[TimeControl "180+1"]
[EndTime "16:06:09 PDT"]
[Termination "Meri-Arabidze won by resignation"]

1. d4 d5 2. c4 Nc6 3. Nf3 Bg4 4.
cxd5 Bxf3 5. gxf3 Qxd5 6. e3 e5 7. Nc3 Bb4 8. Bd2 Bxc3 9. bxc3 Qd6 10. Rb1 O-O-O 11. Be2 Nf6 12. Qa4 Rhe8 13. Qb3 b6 14.
Bc1 Nd5 15. e4 Nxc3 16. Qxc3 exd4 17. Qd3 Ne5 18. Qa6+ Kb8 19. f4 Qc6 20. f3 d3 21.
fxe5 Qc2 22. Bd1 d2+ 23. Bxd2 Qxd2+ 24. Kf1 Rxe5 25. Qe2 Qc3 26. Rb3 Qc1 27. Rd3 Ree8 28. Kf2 Qc5+ 29. Kg2 Qg5+ 30. Kf2 Qh4+ 31. Kg2 Rxd3 32.
Qxd3 Re6 33. Kf1 Rd6 34. Qe2 Qf4 35. Rg1 Rd2 36. Qc4 Qxh2 37. Be2 Rd7 38. Rg2 Qh1+ 39. Kf2 Qh4+ 40. Kf1 Qf6 41. Kf2 h5 42. Qc2 Qd4+ 43. Kg3 g6 44. Qb3 Qe5+ 45. Kh3 Rd2 46. Qc4 c5 47. a4 Qf6 48. a5 Qe7 49. axb6 axb6 50. Qb5 Qd8 51. Qc6 Rd6 52. Qb5 Qc8+ 53. Kh2 Qc7 54. Kg1 h4 55. Bf1 h3 56. Ra2 Rd8 57.
Qa6 Qg3+ 58. Kh1 Qxf3+ 59. Kg1 Qe3+ 60. Kh2 Qf4+ 61. Kg1 Qg3+ 62. Kh1 Qf3+ 63. Kg1 Qxe4 64. Qxb6+ Kc8 65. Ba6+ Kd7 66. Rd2+ Ke7 67. Qxd8+ Ke6 68. Qe8+ Kf6 69. Qxe4 1-0

[Event "Late-Titled-Tuesday-Blitz-March-19-2024"]
[Site "Chess.com"]
[Date "2024.03.19"]
[Round "11"]
[White "jcibarra"]
[Black "BardArtem"]
[Result "0-1"]
[WhiteElo "2930"]
[BlackElo "2766"]
[TimeControl "180+1"]
[EndTime "16:06:18 PDT"]
[Termination "BardArtem won by resignation"]

1. e4 d5 2. exd5 Qxd5 3. Nc3 Qe5+ 4. Nge2 Nf6 5. d4 Qa5 6. g3 c6 7. Bg2 Bf5 8. O-O e6 9. h3 h6 10. g4 Bh7 11. f4 Nbd7 12. Ng3 O-O-O 13. Be3 Bb4 14. Nce2 Nb6 15. c3 Bd6 16. a4 c5 17.
Qe1 Nc4 18. Bc1 cxd4 19. b4 Qc7 20. Nxd4 a6 21. b5 a5 22. Kh1 Nb6 23. Bd2 Rhe8 24. Qf2 Nfd5 25. c4 Nxc4 26. Rac1 Ba3 27. Qe2 Bxc1 28.
Rxc1 Ndb6 29. Nb3 Rd3 30. Bxa5 Rxg3 31. Bxb6 Qxb6 32. Qxc4+ Kb8 33. a5 Qd6 34. a6 Bd3 35. Qc3 Qxf4 36. axb7 Bc4 37. Qxc4 Qxc4 38. Rxc4 Rxb3 39.
Bc6 Re7 40. Ra4 Rxb7 41. Bxb7 Kxb7 42. Rd4 Kc7 43. Rc4+ Kd6 44. Rc6+ Ke5 45. b6 Kf4 46. Kg2 Rb2+ 47. Kf1 Kg3 48. Rc7 Rxb6 49. Rxf7 g5 50. Rf6 Kxh3 51. Rxh6+ Kxg4 52. Ke2 Kf4 53. Rf6+ Kg3 54.
Ke3 g4 55. Rf8 Rb3+ 56. Ke2 Rf3 57. Rg8 e5 58. Re8 Rf5 59. Rg8 Kh3 60. Rh8+ Kg2 61. Ke3 g3 62. Ke4 Rf2 63. Kxe5 Kg1 64. Ke4 g2 65.
Ke3 Rf7 66. Ke2 Re7+ 67. Kd2 Re5 68. Kd3 Kf2 69. Rf8+ Kg3 70. Rg8+ Kf3 71. Rg7 Rf5 72. Rg5 Rxg5 0-1

[Event "Late-Titled-Tuesday-Blitz-March-19-2024"]
[Site "Chess.com"]
[Date "2024.03.19"]
[Round "11"]
[White "alexrustemov"]
[Black "DFeco"]
[Result "0-1"]
[WhiteElo "2834"]
[BlackElo "2511"]
[TimeControl "180+1"]
[EndTime "16:06:18 PDT"]
[Termination "DFeco won on time"]

1. d4 d5 2. c4 c6 3. Nc3 Nf6 4. e3 a6 5. b3 Bf5 6. Nf3 e6 7. Bb2 Nbd7 8. Be2 h6 9. O-O Bd6 10.
Bd3 Bxd3 11. Qxd3 Qe7 12. e4 dxe4 13. Nxe4 Nxe4 14. Qxe4 Nf6 15. Qe2 Ba3 16. Rad1 Bxb2 17. Qxb2 O-O 18. Rfe1 Qc7 19. g3 Rad8 20. Rd3 Rd7 21.
Red1 Rfd8 22. Ne5 Rd6 23. Qe2 c5 24. dxc5 Qxc5 25. Rxd6 Rxd6 26. Rxd6 Qxd6 27. Nd3 Qd4 28. Kg2 Ne4 29. Qe3 Qxe3 30. fxe3 Nc3 31. Nc5 Nxa2 32.
Nxb7 Nb4 33. Kf3 Kf8 34. Ke4 Nc6 35. Kd3 Ke7 36. Kc3 a5 37. Kb2 Kd7 38. Ka3 Kc7 39.
Nc5 Kd6 40. Nd3 Kc7 41. Ka4 Kb6 42. b4 axb4 43. Nxb4 Ne5 44. Kb3 Kc5 45. Kc3 Nxc4 46. Nd3+ Kb5 47. Kd4 Nd2 48. h3 f6 49. e4 Kc6 50. e5 Nf3+ 51. Ke4 Nxe5 52. Nf4 Kd6 53. Nh5 f5+ 54. Kf4 g6 55. Nf6 Nf7 56. Ng8 e5+ 57.
Ke3 Ke6 58. h4 g5 59. h5 f4+ 60. Kf3 fxg3 61. Kxg3 Kf5 62. Ne7+ Ke4 63. Ng8 Kd3 64.
Kg4 e4 65. Kf5 e3 66. Kf6 Nd6 67. Nxh6 e2 68. Ng4 e1=Q 69. h6 Qh4 70. Ne5+ Ke4 71.
Ng6 Qxh6 72. Ke6 Qxg6+ 73. Kd7 Nf5 0-1

[Event "Late-Titled-Tuesday-Blitz-March-19-2024"]
[Site "Chess.com"]
[Date "2024.03.19"]
[Round "11"]
[White "Sargsyan_Shant"]
[Black "mbojan"]
[Result "1-0"]
[WhiteElo "2951"]
[BlackElo "2817"]
[TimeControl "180+1"]
[EndTime "16:06:23 PDT"]
[Termination "Sargsyan_Shant won on time"]

1. c4 g6 2. Nc3 Bg7 3. d4 d6 4. g3 Bd7 5. Bg2 Qc8 6. h4 h5 7. Nf3 Nc6 8. d5 Ne5 9. Nxe5 Bxe5 10. Qd3 Bg7 11. e4 Nf6 12. Be3 O-O 13. Bd4 c5 14.
dxc6 Bxc6 15. O-O Ng4 16. Bxg7 Kxg7 17. Qd4+ Kg8 18. Rfe1 b6 19. Rad1 Qb7 20. b4 Qc7 21.
Rc1 Rac8 22. Qd2 Ba8 23. Nd5 Qd8 24. a3 e6 25. Ne3 Nxe3 26. Rxe3 Qe7 27. Rd3 Rfd8 28.
Kh2 Qf6 29. f4 Qe7 30. Rcc3 Bb7 31. f5 e5 32. Qh6 Qf6 33. fxg6 fxg6 34. Rf3 Qg7 35.
Qg5 Rf8 36. Rfd3 Rf6 37. c5 bxc5 38. bxc5 dxc5 39. Rd2 c4 40. Rb2 Re8 41. Rxb7 Qxb7 42.
Qxf6 Kh7 43. Rxc4 Qd7 44. Rc2 Re7 45. Rf2 Rg7 46. Bh3 Qd3 47. Qf3 Qd4 48. Be6 Qb6 49. Bd5 Qc5 50. Kg2 Qd4 51. Qf8 Qd3 52. Rf7 Qe2+ 53. Rf2 Qd3 54. Qe8 Qc3 55. Qd8 Qd4 56.
Qg5 Qc3 57. Qd2 Qc5 58. Qb4 Qe3 59. Qb8 Qxa3 60. Qf8 Qe3 61. Rf7 Qe2+ 62. Rf2 Qe3 63. Qf6 Qd4 64. Qd6 Qc3 65. Qe6 Qd4 66. Rf7 Qd2+ 67.
Kh3 Qh6 68. Qf6 1-0

[Event "Late-Titled-Tuesday-Blitz-March-19-2024"]
[Site "Chess.com"]
[Date "2024.03.19"]
[Round "11"]
[White "LangesNasenhaar"]
[Black "nindjaxx8"]
[Result "1-0"]
[WhiteElo "2556"]
[BlackElo "2648"]
[TimeControl "180+1"]
[EndTime "16:06:23 PDT"]
[Termination "LangesNasenhaar won by resignation"]

1. d4 d5 2. Nf3 Nf6 3. g3 Bf5 4. Nh4 Bg6 5. Bg2 e6 6. c4 Be7 7.
Nc3 c6 8. O-O O-O 9. Nxg6 hxg6 10. b3 b6 11. a4 Nbd7 12. e4 Bb4 13. Na2 Be7 14. e5 Ne8 15. cxd5 cxd5 16. Nc3 Nc7 17.
Qd3 Bb4 18. Nb5 Nxb5 19. axb5 Qe7 20. h4 Rfc8 21. Bg5 Qf8 22. Rfc1 Ba3 23. Rc6 a5 24. Ra2 Bb4 25. Rac2 Qe8 26. Qd1 Nf8 27. Qc1 Rxc6 28. bxc6 Rc8 29. c7 Qd7 30. Bf1 b5 31. Rc6 a4 32.
Bxb5 Ba5 33. bxa4 Rxc7 34. Rxc7 Qxc7 35. Qxc7 Bxc7 36. Bd2 f6 37. f4 Nh7 38. Kf2 Kf7 39. a5 Bb8 40. Bb4 g5 41. Bc5 gxh4 42. gxh4 fxe5 43.
fxe5 Nf8 44. a6 Ng6 45. Kg3 Ne7 46. a7 Nf5+ 47. Kh3 Bxa7 48. Bxa7 Ne3 49. Bc5 Nf5 50.
Bd3 Ne3 51. Kg3 Nd1 52. Bb4 Ne3 53. h5 Nd1 54. Bg6+ Kg8 55. Bd3 Kf7 56. Bg6+ Kg8 57.
Kf4 Nb2 58. Kg5 Nc4 59. Bc5 Nd2 60. Be8 Nf3+ 61. Kg6 Nh4+ 62. Kg5 Nf3+ 63. Kg4 Nh2+ 64. Kg3 Nf1+ 65. Kf2 Nd2 66. Bg6 Nc4 67. Ke2 Na5 68. Be8 Nc4 69. Kd3 Nb2+ 70. Kc3 Nc4 71. Kb4 Ne3 72. Kb5 Nf5 73. Kc6 Ne3 74. Kd6 Nc4+ 75. Kxe6 1-0